Unix NetHack Version 3.7.0-86 Work-in-progress - last build May 30 2023 01:50:43 (cc98dc9aa62a9957b082a042edf5bd7ec9f632c7,branch:master). Game began 2023-06-09 12:59:56, ended 2023-06-09 13:07:06. xororand, neutral male human Priest ....... ----%...%. --%%))..%. ---.*---.. .)| ..- ... .<. -.. Xororand the Adept St:12 Dx:11 Co:12 In:11 Wi:18 Ch:12 Neutral S:1860 Dlvl:6 $:318 HP:0(42) Pw:58(96) AC:0 Xp:6/323 T:1726 Latest messages: You kill the gnome! The gnome hits! You miss the gnome. You miss the gnome. You kill the gnome! You kill the gnome! An arrow misses you. In what direction? . You feel better. It is hit. You see here a dagger. You hit the dwarf! You kill the dwarf! You kill the gnome! A - a cursed magenta potion. There are several objects here. B - a scroll labeled KERNOD WEL. C - an orange gem. You see here a gnome corpse. The gnome hits! You kill the gnome! You hear crashing rock. You see here a gnome corpse. You kill the gnome! Welcome to experience level 6. There is a gnome corpse here; eat it? [ynq] (n) y This gnome corpse tastes terrible! You hear crashing rock. You hear a horn being played nearby. You hear a horn being played nearby. The bolt of fire whizzes by you! You stop eating the gnome corpse. You hear a horn being played nearby. The bolt of fire hits you! Your wooden shield smoulders! What do you want to zap? [km or ?*] ? What do you want to zap? [km or ?*] Never mind. What do you want to zap? [km or ?*] ? In what direction? h The wand hits it. You hear a horn being played nearby. The bolt of fire hits you! Your wooden shield smoulders further! You die... Do you want your possessions identified? [ynq] (y) n Do you want to see your attributes? [ynq] (y) n Do you want an account of creatures vanquished? [ynaq] (y) n Do you want to see your conduct and achievements? [ynq] (y) n Do you want to see the dungeon overview? [ynq] (y) n Inventory: Coins $ - 318 gold pieces Weapons a - a blessed +1 mace (weapon in hand) Armor y - a blessed +1 dwarvish iron helm (being worn) p - a +0 pair of iron shoes (being worn) c - a very burnt +0 small shield (being worn) b - a +0 robe (being worn) n - a +1 leather armor (being worn) Scrolls B - a scroll of identify Potions A - a cursed potion of healing Wands k - a wand of speed monster (0:2) m - a wand of striking (0:2) Tools x - a sack containing 12 items u - a tallow candle r - a towel q - a wax candle Gems/Stones C - a worthless piece of orange glass v - a worthless piece of white glass Contents of the sack: a clove of garlic a sprig of wolfsbane 2 scrolls of enchant armor a cursed scroll of teleportation a blessed scroll of gold detection a blessed scroll of fire a scroll of create monster a scroll of confuse monster a spellbook of extra healing a spellbook of healing a blessed spellbook of sleep 3 potions of holy water Xororand the Priest's attributes: Background: You were an Adept, a level 6 human Priest. You were neutral, nominally on a mission for Thoth who was opposed by Ptah (lawful) and Anhur (chaotic). You were in the Gnomish Mines, on level 6. You entered the dungeon 1726 turns ago. You had 323 experience points, 317 more were needed to attain level 7. Your score was 1860 before end-of-game adjustments. Basics: You had 0 out of 42 hit points. You had 58 out of 96 energy points (spell power). Your armor class was 0. Your wallet contained 318 zorkmids. Autopickup was off. Final Characteristics: Your strength was 12 (limit:18/100). Your dexterity was 11 (limit:18). Your constitution was 12 (limit:18). Your intelligence was 11 (limit:18). Your wisdom was 18 (limit:18). Your charisma was 12 (limit:18). Final Status: You were not hungry. You were unencumbered. You were wielding a mace. You were skilled in mace. Final Attributes: You were devoutly aligned. You were guarded. You are dead. Miscellaneous: You never encountered a bones level. Total elapsed playing time was 7 minutes and 9 seconds. Major events: Turn 1: xororand the neutral human Priest entered the dungeon 1082: entered the Gnomish Mines 1103: attained the rank of Acolyte (level 3) 1713: attained the rank of Adept (level 6) 1726: killed by a bolt of fire played by a dwarf Vanquished creatures: 4 gnome leaders a giant ant a little dog 6 dwarves a rothe a hobbit a large kobold 28 gnomes a gecko 3 jackals a fox a goblin 6 grid bugs a lichen a kobold zombie 4 newts 61 creatures vanquished. No species were genocided or became extinct. Voluntary challenges: You were an atheist. You read items or engraved 4 times. You never engraved Elbereth. You never genocided any monsters. You never polymorphed an object. You never changed form. You used no wishes. Achievements: You entered the Gnomish Mines. You attained the rank of Acolyte. You attained the rank of Adept. The Dungeons of Doom: levels 1 to 3 Level 1: An altar, a fountain, a sink. Level 2: Many fountains. Level 3: Stairs down to The Gnomish Mines. The Gnomish Mines: levels 4 to 6 Level 4: Level 5: Level 6: <- You were here. Final resting place for you, killed by a bolt of fire played by a dwarf. Game over: ---------- / \ / REST \ / IN \ / PEACE \ / \ | xororand | | 318 Au | | killed by a bolt | | of fire played | | by a dwarf | | | | 2023 | *| * * * | * _________)/\\_//(\/(/\)/\//\/|_)_______ Goodbye xororand the Priest... You died in The Gnomish Mines on dungeon level 6 with 1829 points, and 318 pieces of gold, after 1726 moves. You were level 6 with a maximum of 42 hit points when you died.